 Dungeon Crawl Stone Soup version 0.22.1-1-ga44c0e56f4 (webtiles) character file.

206 Riddle the Vexing (level 6, -2/47 HPs)
             Began as a Formicid Arcane Marksman on Oct 6, 2018.
             Slain by a worker ant (4 damage)
             ... on level 4 of the Dungeon.
             The game lasted 00:07:08 (3416 turns).

Riddle the Vexing (Formicid Arcane Marksman)        Turns: 3416, Time: 00:07:09

Health: -2/47      AC:  6    Str: 17    XL:     6   Next: 10%
Magic:  10/10      EV: 11    Int: 12    God:
Gold:   156        SH:  0    Dex: 11    Spells: 9/10 levels left

rFire    . . .     SeeInvis +   r - +0 morningstar
rCold    . . .     Gourm    .   (no shield)
rNeg     . . .     Faith    .   g - +0 ring mail
rPois    .         Spirit   .   (helmet unavailable)
rElec    .         Reflect  .   m - +0 cloak
rCorr    .         Harm     .   (no gloves)
MR       +....                  (no boots)
Stlth    +.........             i - amulet of regeneration
HPRegen  0.55/turn              s - ring of protection from magic
MPRegen  0.12/turn              (no ring)

@: lethally poisoned (-2 -> -2)
A: permanent stasis, dig shafts and tunnels, four strong arms, antennae 3
a: Dig, Shaft Self


You were on level 4 of the Dungeon.
You were very hungry.

You visited 1 branch of the dungeon, and saw 4 of its levels.

You collected 156 gold pieces.

Inventory:

Hand Weapons
 r - a +0 morningstar (weapon)
Missiles
 c - 9 javelins (quivered)
 d - 2 throwing nets
Armour
 g - a +0 ring mail (worn)
 m - a +0 cloak (worn)
Jewellery
 h - a cursed amulet of inaccuracy {unknown}
 i - an amulet of regeneration (around neck)
 s - a ring of protection from magic (left hand)
Wands
 a - a wand of polymorph (10)
Scrolls
 b - a scroll of amnesia {unknown}
 j - 2 scrolls of remove curse
 n - a scroll of teleportation {unknown}
 o - a scroll of noise {unknown}
 q - a scroll of enchant armour {unknown}
Potions
 e - a potion of brilliance {unknown}
 k - 2 potions of magic {unknown}
 l - a potion of lignification {unknown}
 p - a potion of heal wounds {unknown}
Comestibles
 f - 8 rations


   Skills:
 + Level 3.1 Fighting
 - Level 2.0 Throwing
 + Level 2.7 Armour
 - Level 1.7 Dodging
 + Level 2.8 Spellcasting
 + Level 4.9 Hexes


You had 9 spell levels left.
You knew the following spells:

 Your Spells              Type           Power        Failure   Level  Hunger
a - Corona                Hex            ##.....      6%          1    #......

Your spell library contained the following spells:

 Spells                   Type           Power        Failure   Level  Hunger
 Slow                     Hex            ##......     9%          2    ###....
 Inner Flame              Hex/Fire       #.......     45%         3    ###....
 Portal Projectile        Hex/Tloc       #.....       45%         3    ###....
 Cause Fear               Hex            ##........   52%         4    #####..
 Leda's Liquefaction      Hex/Erth       #.........   86%         4    #####..


Dungeon Overview and Level Annotations

Branches:
Dungeon (4/15)
 Temple: D:4-7

Altars:
Hepliaklqana


Innate Abilities, Weirdness & Mutations

You cannot be hasted, slowed, berserked, paralysed or teleported.
You can dig through walls and to a lower floor.
Your four strong arms can wield two-handed weapons with a shield.
You have a pair of large antennae on your head. (SInv)


Message History

The worker ant bites you but does no damage.
You completely miss the worker ant.
You feel sick. The worker ant closely misses you.
The worker ant bites you but does no damage.
You hit the worker ant but do no damage.
The worker ant barely misses you. The worker ant closely misses you.
You hit the worker ant.
The worker ant is lightly wounded.
You feel sick. The worker ant bites you.
* * * LOW HITPOINT WARNING * * *
You hit the worker ant.
The worker ant is moderately wounded.
You feel sick. The worker ant closely misses you.
The worker ant barely misses you.
You barely miss the worker ant.
The worker ant is moderately wounded.
The worker ant bites you.
* * * LOW HITPOINT WARNING * * *
The worker ant bites you.
You die...

......#.#....##
......#........
...a.........####
#.#.........#
#.#.####....#
#...####..<.#
#.#.........#
...#a#########
######@# #.....#
#.###.# #.# #.#
#.# #.# #.#


You could see a worker ant.

Vanquished Creatures
  2 orc wizards (D:3)
  A worker ant (D:4)
  Robin (D:3)
  4 adders
  4 worms
  3 dart slugs
  2 leopard geckos
  3 orcs (D:3)
  2 ball pythons (D:2)
  14 goblins
  9 hobgoblins
  5 bats
  2 frilled lizards
  5 kobolds
  5 rats
62 creatures vanquished.

Notes
Turn   | Place    | Note
-------+----------+-------------------------------------------
     0 | D:1      | Riddle the Formicid Arcane Marksman began the quest for the
                  | Orb.
     0 | D:1      | Reached XP level 1. HP: 15/15 MP: 2/2
   263 | D:1      | Reached XP level 2. HP: 13/21 MP: 3/3
   733 | D:1      | Reached skill level 1 in Armour
   990 | D:1      | Reached skill level 4 in Hexes
   990 | D:1      | Reached XP level 3. HP: 14/27 MP: 5/5
  2038 | D:2      | Reached XP level 4. HP: 33/33 MP: 6/6
  2367 | D:2      | Found a hazy altar of Hepliaklqana.
  2861 | D:3      | Reached XP level 5. HP: 37/39 MP: 8/8
  2916 | D:3      | Noticed Robin
  2960 | D:3      | Killed Robin
  3410 | D:4      | Reached XP level 6. HP: 12/47 MP: 10/10
  3416 | D:4      | HP: 2/47 [worker ant (4)]
  3416 | D:4      | Slain by a worker ant

Skill      XL: |  1  2  3  4  5 |
---------------+----------------+-----
Armour         | 1 2 |  2.7
Hexes          | 4 |  4.9
Fighting       | 2 3 |  3.1
Spellcasting   | 2 |  2.8
Throwing       | |  2.0
Dodging        | |  1.7

Action                   |  1- 3 |  4- 6 || total
-------------------------+-------+-------++-------
Melee: Unarmed           |    16 |       ||    16
       Mace              |   112 |    92 ||   204
       Hand axe          |     3 |       ||     3
       Morningstar       |       |    84 ||    84
 Abil: Dig               |     1 |     4 ||     5
  Use: Scroll            |     1 |       ||     1
       Potion            |     1 |       ||     1
  Eat: Chunk             |     4 |     4 ||     8
Armor: Robe              |    11 |       ||    11
       Ring mail         |    30 |    51 ||    81
Dodge: Dodged            |    85 |   113 ||   198
